 Dungeon Crawl Stone Soup version 0.27.1 (webtiles) character file.

Game seed: 10792115278829160449

7 Kold the Shield-Bearer (level 2, -3/24 HPs)
             Began as a Formicid Fighter on Sept 3, 2021.
             Frozen to death by an endoplasm (4 damage)
             ... on level 1 of the Dungeon.
             The game lasted 00:00:16 (60 turns).

Kold the Shield-Bearer (Formicid Fighter)             Turns: 60, Time: 00:00:17

Health: -3/24      AC:  6    Str: 20    XL:     2   Next: 5%
Magic:  2/2        EV:  7    Int:  7    God:
Gold:   15         SH:  9    Dex: 10    Spells: 1/1 levels left

rFire    . . .     SeeInvis +   a - +0 long sword
rCold    . . .     Faith    .   c - +0 kite shield
rNeg     . . .     Spirit   .   b - +0 scale mail
rPois    .         Reflect  .   (helmet unavailable)
rElec    .         Harm     .   (no cloak)
rCorr    .         Rampage  .   (no gloves)
Will     .....                  (no boots)
Stlth    ..........             (no amulet)
HPRegen  0.08/turn              (no ring)
MPRegen  0.08/turn              (no ring)

@: no status effects
A: permanent stasis, dig shafts and tunnels, antennae 3, four strong arms
a: Dig, Shaft Self


You were on level 1 of the Dungeon.
You visited 1 branch of the dungeon, and saw 1 of its levels.

You collected 15 gold pieces.

Inventory:

Hand Weapons
 a - a +0 long sword (weapon)
Armour
 b - a +0 scale mail (worn)
 c - a +0 kite shield (worn)
Potions
 d - a potion of might
 e - a potion of lignification {unknown}


   Skills:
 - Level 3.4 Fighting
 * Level 2.2 Long Blades
 - Level 3.4 Armour
 + Level 3.8 Shields


You had one spell level left.
You didn't know any spells.
Your spell library was empty.

Dungeon Overview and Level Annotations

Branches:
Dungeon (1/15)

Altars:


Innate Abilities, Weirdness & Mutations

You cannot be hasted, slowed, berserked, paralysed or teleported.
You can dig through walls and to a lower floor.
You have a pair of large antennae on your head. (SInv)
Your four strong arms can wield two-handed weapons with a shield.


Message History

You closely miss the ball python. You block the ball python's attack.
The ball python constricts you. The ball python barely misses you.
The ball python constricts you.
Your shield and scale mail prevent you from hitting the ball python.
The ball python bites you but does no damage.
The ball python constricts you.
An endoplasm comes into view.
You barely miss the ball python.
The endoplasm quivers.
The ball python bites you but does no damage.
The ball python constricts you. The ball python bites you.
The ball python constricts you.
You closely miss the ball python.
The ball python bites you but does no damage.
The ball python constricts you.
The ball python bites you but does no damage.
The ball python constricts you.
You closely miss the ball python.
The ball python bites you but does no damage.
The ball python constricts you.
* * * LOW HITPOINT WARNING * * *
The ball python bites you.
* * * LOW HITPOINT WARNING * * *
The ball python constricts you.
You slash the ball python!
You kill the ball python!
You completely miss the endoplasm. You block the endoplasm's attack.
The endoplasm freezes you.
You are frozen.
* * * LOW HITPOINT WARNING * * *
You hit the endoplasm.
The endoplasm is lightly wounded.
The endoplasm barely misses you.
Unknown command.
You barely miss the endoplasm.
The endoplasm is lightly wounded.
A bat comes into view.
The endoplasm freezes you.
You are frozen.
You die...

b.# ?.. #.# #.#
#.#########
#.##..>..⌠#
#J##......#
#@##......#
#######.##.##...#
........##.##...#
#........#......#
..######.'.....⌠#
###......#
#.##..≈# #.##.≈≈#
#...≈≈≈#


You could see an endoplasm and a bat.

Vanquished Creatures
  A dart slug (D:1)
  A hobgoblin (D:1)
  A ball python (D:1)
  2 frilled lizards (D:1)
  A kobold (D:1)
6 creatures vanquished.

Notes
Turn   | Place    | Note
-------+----------+-------------------------------------------
     0 | D:1      | Kold the Formicid Fighter began the quest for the Orb.
     0 | D:1      | Reached XP level 1. HP: 18/18 MP: 1/1
    38 | D:1      | Reached XP level 2. HP: 15/24 MP: 2/2
    58 | D:1      | HP: 1/24 [frozen (5)]
    60 | D:1      | Frozen to death by an endoplasm

Illustrated notes

Levels and vault maps discovered:
D:1:      amcnicky_arrival_flooded_fountain, layout_loops_ring,
          shapermc_ecumenical_altar_mp_vishouse

Action                   || total
-------------------------++-------
Melee: Long sword        ||    26
Armor: Scale mail        ||    15
Dodge: Dodged            ||     4
Block: Kite shield       ||     6
